 Dungeon Crawl Stone Soup version 0.30-a0-630-g881e3bac89 (webtiles) character file.

Game seed: 12034573379938971758

4116 Dartaoz the Carver (level 10, -5/77 HPs)
             Began as a Demonspawn Fighter on Jan 13, 2023.
             Slain by a killer bee (7 damage)
             ... on level 9 of the Dungeon.
             The game lasted 00:23:34 (8567 turns).

Dartaoz the Carver (Demonspawn Fighter)             Turns: 8567, Time: 00:23:35

Health: -5/77      AC: 26    Str: 17    XL:     10   Next: 6%
Magic:  10/10      EV:  6    Int: 10    God:
Gold:   452        SH:  6    Dex: 16    Spells: 9/9 levels left

rFire   . . .      SeeInvis .    a - +1 long sword
rCold   . . .      Faith    .    c - +0 buckler
rNeg    . . .      Spirit   .    B - +1 plate armour
rPois   .          Reflect  .    (helmet restricted)
rElec   .          Harm     .    (no cloak)
rCorr   .          Rampage  .    (no gloves)
Will    +....                    (no boots) Stlth
                                 (no amulet)
HPRegen 0.32/turn                g - +4 ring of protection
MPRegen 0.12/turn                s - ring of willpower

@: lethally poisoned (-5 -> -11), sanguine armoured
A: horns 1, sanguine armour 2
a: no special abilities


You were on level 9 of the Dungeon.
You visited 2 branches of the dungeon, and saw 10 of its levels.

You collected 452 gold pieces.

Inventory:

Hand Weapons
 a - a +1 long sword (weapon)
Missiles
 y - a throwing net (quivered)
Armour
 b - a +0 scale mail
 c - a +0 buckler (worn)
 B - a +1 plate armour (worn)
 J - a +2 scale mail of poison resistance
Jewellery
 d - a +6 ring of intelligence
 g - a +4 ring of protection (left hand)
 l - an amulet of faith
 s - a ring of willpower (right hand)
Wands
 u - a wand of polymorph (8)
 v - a wand of iceblast (9)
 D - a wand of quicksilver (14)
 G - a wand of paralysis (8)
Scrolls
 e - a scroll of fog
 f - a scroll of brand weapon {unknown}
 i - 2 scrolls of enchant weapon
 j - a scroll of blinking {unknown}
 k - 3 scrolls of noise
 m - 3 scrolls of immolation
 o - a scroll of teleportation {unknown}
 p - a scroll of vulnerability {unknown}
 q - 2 scrolls of enchant armour
 r - 2 scrolls of poison
 w - 3 scrolls of torment
 x - a scroll of magic mapping {unknown}
 E - a scroll of amnesia {unknown}
 I - 5 scrolls of identify
Potions
 h - 2 potions of cancellation
 n - a potion of resistance
 t - 2 potions of mutation
 z - a potion of ambrosia
 A - 6 potions of curing
 C - a potion of magic {unknown}
 F - a potion of invisibility
 H - a potion of heal wounds


   Skills:
 + Level 6.3 Fighting
 + Level 8.7 Long Blades
 + Level 5.8 Armour
 + Level 5.0 Dodging
 + Level 5.8 Shields


You had 9 spell levels left.
You didn't know any spells.
Your spell library contained the following spells:

 Spells                   Type           Power      Damage    Failure   Level
 Static Discharge         Conj/Air       0%         2-2/arc   100%        2
 Vhi's Electric Charge    Tloc/Air       0%         N/A       100%        3
 Arcjolt                  Conj/Air       0%         1d10      100%        5
 Lightning Bolt           Conj/Air       0%         1d11      100%        5


Dungeon Overview and Level Annotations

Branches:
Dungeon (9/15)             Temple (1/1) D:6
   Lair: D:8-11         Orc: D:9-12

Altars:
Ashenzari
Cheibriados
Dithmenos
Fedhas
Gozag
Hepliaklqana
Kikubaaqudgha
Makhleb
Nemelex Xobeh
Okawaru
Qazlal
Sif Muna
Trog
Uskayaw
Vehumet
Wu Jian
Xom

Shops:
D:8 [


Innate Abilities, Weirdness & Mutations

You have a pair of small horns on your head.
When seriously injured, your blood forms thick armour. (AC +9)


Message History

You feel sick. The killer bee closely misses you.
You block the killer bee's attack.
The killer bee stings you but does no damage.
You block the killer bee's attack. The killer bee barely misses you.
The killer bee stings you.
You feel sick. The killer bee stings you.
You are more poisoned.
The killer bee poisons you!
The killer bee stings you but does no damage.
You feel very sick. The killer bee stings you.
* * * LOW HITPOINT WARNING * * *
A killer bee comes into view.
The killer bee stings you but does no damage.
You feel very sick.
The killer bee stings you but does no damage.
The killer bee stings you.
* * * LOW HITPOINT WARNING * * *
You are lethally poisoned!
The killer bee poisons you!
* * * LOW HITPOINT WARNING * * *
You feel very sick.
The killer bee buzzes angrily.
The killer bee stings you but does no damage.
* * * LOW HITPOINT WARNING * * *
You feel very sick.
The killer bee stings you but does no damage.
You block the killer bee's attack.
Found 8 gold pieces.
* * * LOW HITPOINT WARNING * * *
You feel very sick. The killer bee closely misses you.
You block the killer bee's attack.
The killer bee stings you but does no damage.
You block the killer bee's attack.
* * * LOW HITPOINT WARNING * * *
You feel sick. The killer bee barely misses you.
You block the killer bee's attack. The killer bee barely misses you. x2
The killer bee attacks as you move away!
The killer bee stings you!
You die...

.....####.# .$.............#
...............#
#...........<..#
#..............+ ######
#..............# ......
######..............#
......###....yy.............#
............yy@.............#
.............yy.#####.......#
..........######............##
..........# #.............#
..........# #...........#.#
##........# #...........#^#
#........# #...........#8#
#........# #...........#^#
#.....?.:# #.......##+##


You could see 6 killer bees.

Vanquished Creatures
  A troll (D:9)
  Eustachio (D:5)
  A wyvern (D:8)
  2 steam dragons
  3 water moccasins
  Duvessa (D:4)
  2 ice beasts (D:6)
  2 orc warriors
  2 sky beasts (D:7)
  3 centaurs
  An ogre (D:4)
  A phantom (D:3)
  2 kobold brigands (D:7)
  2 bullfrogs
  A necrophage (D:7)
  3 scorpions
  2 gnoll sergeants (D:7)
  Dowan (D:5)
  5 killer bees (D:7)
  4 howler monkeys
  3 jellies
  3 hounds
  2 orc priests
  Ijyb (D:4)
  A gnoll bouda (D:3)
  2 iguanas
  Natasha (thrice) (D:4 D:3)
  7 orc wizards
  16 gnolls
  4 adders
  2 white imps
  An ufetubus (D:4)
  A worm (D:2)
  4 dart slugs
  27 orcs
  12 endoplasms
  4 giant cockroaches
  11 goblins
  12 hobgoblins
  4 jackals (D:1)
  15 kobolds
  7 quokkas
  4 ball pythons
  4 bats
  A frilled lizard (D:3)
  2 rats (D:1)
  A spectral hobgoblin (D:3)
194 creatures vanquished.

Vanquished Creatures (others)
  A kobold brigand (D:8)
  A kobold (D:8)
  3 plants (D:1)
5 creatures vanquished.

Grand Total: 199 creatures vanquished

Notes
Turn   | Place    | Note
-------+----------+-------------------------------------------
     0 | D:1      | Dartaoz the Demonspawn Fighter began the quest for the Orb.
     0 | D:1      | Reached XP level 1. HP: 18/18 MP: 1/1
    59 | D:1      | Found a faded altar of an unknown god.
    62 | D:1      | Reached skill level 2 in Long Blades
   140 | D:1      | Gained mutation: You have a pair of small horns on your
                  | head. [demonic ancestry]
   140 | D:1      | Reached XP level 2. HP: 24/24 MP: 2/2
   361 | D:1      | Reached skill level 3 in Long Blades
   446 | D:1      | Reached XP level 3. HP: 29/29 MP: 3/3
  1230 | D:2      | Reached skill level 4 in Long Blades
  1230 | D:2      | Reached XP level 4. HP: 35/35 MP: 4/4
  1805 | D:3      | Found a hazy altar of Hepliaklqana.
  1861 | D:3      | Noticed a phantom
  1881 | D:3      | Killed a phantom
  1882 | D:3      | Reached skill level 5 in Long Blades
  1882 | D:3      | Gained mutation: When seriously injured, your blood forms
                  | armour. (AC +9) [demonic ancestry]
  1882 | D:3      | Reached XP level 5. HP: 30/41 MP: 5/5
  2168 | D:4      | Noticed Ijyb
  2286 | D:4      | Killed Ijyb
  2442 | D:4      | Noticed Natasha
  2461 | D:4      | Killed Natasha
  2548 | D:4      | Reached XP level 6. HP: 39/47 MP: 6/6
  2665 | D:4      | Noticed a steam dragon
  2706 | D:4      | Killed a steam dragon
  2707 | D:4      | Reached skill level 6 in Long Blades
  2897 | D:4      | Noticed Natasha
  2962 | D:3      | Killed Natasha
  2967 | D:3      | Noticed Natasha
  2972 | D:3      | Killed Natasha
  3183 | D:4      | Reached skill level 7 in Long Blades
  3304 | D:4      | Reached XP level 7. HP: 52/52 MP: 7/7
  3575 | D:4      | Reached skill level 1 in Dodging
  3965 | D:5      | Entered Level 5 of the Dungeon
  3965 | D:5      | Noticed Duvessa
  3965 | D:5      | Noticed Dowan
  4115 | D:5      | Killed Dowan
  4137 | D:4      | Killed Duvessa
  4500 | D:5      | Noticed Eustachio
  4502 | D:5      | Reached XP level 8. HP: 41/60 MP: 8/8
  4556 | D:5      | Killed Eustachio
  5030 | D:6      | Found a staircase to the Ecumenical Temple.
  5035 | Temple   | Entered the Ecumenical Temple
  5723 | D:7      | Reached skill level 5 in Fighting
  5732 | D:7      | Gained mutation: When seriously injured, your blood forms
                  | thick armour. (AC +9) [demonic ancestry]
  5732 | D:7      | Reached XP level 9. HP: 27/68 MP: 9/9
  5753 | D:7      | Reached skill level 8 in Long Blades
  6426 | D:7      | Reached skill level 5 in Shields
  6608 | D:7      | Reached skill level 5 in Armour
  7123 | D:7      | Identified the -1 helmet "Vakoesch" {rElec Will+}
  7153 | D:7      | Found a shimmering blue altar of Sif Muna.
  7189 | D:8      | Found Daer's Antique Armour Boutique.
  7464 | D:8      | Found a stormy altar of Qazlal.
  7627 | D:8      | Found an opulent altar of Gozag.
  8290 | D:9      | Noticed a troll
  8311 | D:9      | Killed a troll
  8312 | D:9      | Reached XP level 10. HP: 33/77 MP: 10/10
  8479 | D:9      | Reached skill level 5 in Dodging
  8565 | D:9      | HP: 3/77 [poisoned by a killer bee]
  8567 | D:9      | Slain by a killer bee

Illustrated notes

Levels and vault maps discovered:
D:1:      dpeg_arrival_signposts, layout_basic, serial_bayou,
          serial_bayou_pond_e, serial_bayou_crossing, serial_bayou_pond_d,
          serial_bayou_ford_a, chequers_ecumenical_altar_simple_redux
D:2:      layout_basic, minmay_tall_x
D:3:      layout_basic, nicolae_hepliaklqana_monster_ancestors
D:4:      layout_cave_pods, uniq_natasha, uniq_ijyb
D:5:      layout_basic, uniq_duvessa, uniq_eustachio
D:6:      layout_gridville, minmay_temple_entry_steel_oval
D:7:      layout_loops_ring, lemuel_blue_sif_altar
D:8:      layout_gridville, grunt_qazlal_clouds, nicolae_overflow_crystal_walls,
          serial_shops, shop
D:9:      layout_basic, mainiacjoe_overflow_swirl, ebering_dispersal_statue_hall
Temple:   nicolae_temple_no_exploring_needed

Skill      XL: |  1  2  3  4  5  6  7  8  9 10 |
---------------+-------------------------------+-----
Long Blades    | 2 3 4 5 7 8 |  8.7
Armour         | 3 4 5 |  5.8
Dodging        | 1 3 4 5 |  5.0
Shields        | 3 4 5 |  5.8
Fighting       | 5 6 |  6.3

Action                   |  1- 3 |  4- 6 |  7- 9 | 10-12 || total
-------------------------+-------+-------+-------+-------++-------
Melee: Long sword        |   120 |   170 |   509 |    13 ||   812
       Headbutt          |    15 |    25 |   114 |     3 ||   157
  Use: Scroll            |       |       |    15 |       ||    15
       Potion            |       |       |     6 |       ||     6
Armor: Scale mail        |    52 |    69 |       |       ||   121
       Plate armour      |       |    64 |   362 |    32 ||   458
Dodge: Dodged            |    51 |    42 |   151 |    17 ||   261
Block: Buckler           |    26 |    39 |   133 |    14 ||   212

Table legend: (Time is in decaauts)
 A = Elapsed time spent in this place.
 B = Non-inter-level travel time spent in this place.
 C = Inter-level travel time spent in this place.
 D = Time resting spent in this place.
 E = Time spent auto-exploring this place.
 F = Levels seen in this place.
 G = Mean time per level.
                   A        B        C        D        E       F      G
               +--------+--------+--------+--------+--------+-----+--------+
         Total |   8660 |   8334 |    326 |    385 |   6210 |  10 |  866.0 |
       Dungeon |   8658 |   8332 |    326 |    385 |   6210 |   9 |  962.0 |
        Temple |      1 |      1 |      0 |      0 |      0 |   1 |    1.0 |
               +--------+--------+--------+--------+--------+-----+--------+

Top non-repeatable levels by time:
     D:4: 1689 daAuts
     D:7: 1319 daAuts
     D:1: 1148 daAuts
     D:8: 1114 daAuts
     D:5: 929 daAuts
     D:6: 866 daAuts
     D:3: 755 daAuts
     D:2: 575 daAuts
     D:9: 260 daAuts
  Temple: 1 daAuts
